 Dungeon Crawl Stone Soup version 0.21.1-1-g345015fe64 (webtiles) character file.

72 Gargoyl the Skirmisher (level 4, -1/60 HPs)
             Began as a Centaur Abyssal Knight on June 21, 2018.
             Was a Follower of Lugonu.
             Succumbed to an orc's poison
             ... on level 3 of the Dungeon on June 22, 2018.
             The game lasted 00:02:51 (976 turns).

Gargoyl the Skirmisher (Centaur Abyssal Knight)      Turns: 976, Time: 00:02:51

Health: -1/60      AC: 10    Str: 20    XL:     4   Next: 7%
Magic:  5/5        EV:  4    Int: 11    God:    Lugonu [*.....]
Gold:   67         SH:  0    Dex:  9    Spells: 3/3 levels left

rFire    . . .     SeeInvis +   a - +1 hand axe
rCold    . . .     Gourm    .   (no shield)
rNeg     . . .     Faith    .   h - +0 plate armour
rPois    .         Spirit   .   f - +2 hat {SInv}
rElec    .         Reflect  .   (no cloak)
rCorr    .         Harm     .   (no gloves)
MR       .....                  (no barding)
Stlth    ..........             (no amulet)
HPRegen  0.20/turn              (no ring)
MPRegen  0.09/turn              (no ring)

@: confused, berserking (expiring), lethally poisoned (-1 -> -31), very quick
A: large, hooves 3, deformed body, speed 2, tough skin 3
a: Depart the Abyss, Renounce Religion


You were on level 3 of the Dungeon.
You worshipped Lugonu.
Lugonu was aware of your devotion.
You were not hungry.

You visited 1 branch of the dungeon, and saw 3 of its levels.
You visited the Abyss 1 time.

You collected 67 gold pieces.

Inventory:

Hand Weapons
 a - a +1 hand axe (weapon)
Missiles
 m - 2 javelins (quivered)
Armour
 f - a +2 hat of see invisible (worn)
 h - a +0 plate armour (worn)
Scrolls
 i - a scroll of teleportation
Potions
 e - 2 potions of heal wounds {unknown}
 g - 2 potions of ambrosia {unknown}
 j - a potion of flight {unknown}
 k - a potion of degeneration {unknown}
Comestibles
 c - a ration


   Skills:
 + Level 3.7 Fighting
 + Level 2.4 Axes
 * Level 2.0 Armour
 + Level 0.8 Dodging
 * Level 2.5 Invocations


You had 3 spell levels left.
You didn't know any spells.

Dungeon Overview and Level Annotations

Branches:
Dungeon (3/15)

Altars:
Elyvilon
Kikubaaqudgha
Okawaru


Innate Abilities, Weirdness & Mutations

You have hooves in place of feet.
Armour fits poorly on your strangely shaped body.
You cover ground very quickly.
You have extremely tough skin. (AC +3)


Message History

* * * LOW HITPOINT WARNING * * *
You feel very sick. The orc hits you but does no damage.
Unknown command.
You are too berserk!
You closely miss the orc.
The orc is almost dead.
You closely miss the orc.
* * * LOW HITPOINT WARNING * * *
You feel sick. The orc hits you but does no damage.
Unknown command.
You barely miss the orc.
You kill the orc!
Lugonu accepts your kill.
You slash the orc!
You kill the orc!
Lugonu accepts your kill.
* * * LOW HITPOINT WARNING * * *
You feel sick.
You die...

.###.##.##
..........
#.........
##......>..
..........
#.........
#.........
#)@.......
#.).......
#.).......
#######.........
#........#######
#........#
########..<.....#
..............>.#
########........#


There were no monsters in sight!

Vanquished Creatures
  An orc wizard (D:3)
  2 worms (D:2)
  4 orcs (D:3)
  4 bats (D:1)
  A giant cockroach (D:1)
  2 goblins (D:1)
  4 hobgoblins
  10 jackals
  A frilled lizard (D:2)
  2 kobolds (D:1)
  2 rats (D:1)
33 creatures vanquished.

Notes
Turn   | Place    | Note
-------+----------+-------------------------------------------
     0 | Abyss:1  | Gargoyl the Centaur Abyssal Knight began the quest for the Orb.
     0 | Abyss:1  | Reached XP level 1. HP: 19/19 MP: 2/2
    58 | Abyss:2  | Noticed a hell knight
    60 | Abyss:2  | Noticed a starcursed mass
    60 | D:1      | Escaped the Abyss
   193 | D:1      | Reached * piety under Lugonu
   197 | D:1      | Reached XP level 2. HP: 22/26 MP: 3/3
   838 | D:2      | Reached XP level 3. HP: 31/31 MP: 4/4
   880 | D:2      | Found a white marble altar of Elyvilon.
   880 | D:2      | Found an ancient bone altar of Kikubaaqudgha.
   880 | D:2      | Found an iron altar of Okawaru.
   972 | D:3      | Reached XP level 4. HP: 10/40 MP: 5/5
   974 | D:3      | HP: 3/60 [poisoned by an orc]
   975 | D:3      | HP: 1/60 [poisoned by an orc]
   976 | D:3      | Succumbed to an orc's poison

Skill      XL: |  1  2  3 |
---------------+----------+-----
Axes           | 2 |  2.4
Armour         | 2 |  2.0
Fighting       | |  3.7
Dodging        | |  0.8
Invocations    | |  2.5

Action                   |  1- 3 |  4- 6 || total
-------------------------+-------+-------++-------
Melee: Hand axe          |    86 |     3 ||    89
       Kick              |    16 |     1 ||    17
Invok: Depart the Abyss  |     1 |       ||     1
  Use: Scroll            |     4 |       ||     4
       Potion            |     1 |       ||     1
Armor: Leather armour    |    59 |       ||    59
       Plate armour      |    45 |     2 ||    47
Dodge: Dodged            |    53 |       ||    53
